 Dungeon Crawl Stone Soup version 0.27.1 (webtiles) character file.

Game seed: 9786405636144984464

758 ZARRMARR the Magician (level 7, -1/41 HPs)
             Began as an Octopode Conjurer on Sept 5, 2021.
             Slain by a killer bee (6 damage)
             ... on level 5 of the Dungeon.
             The game lasted 00:15:49 (6121 turns).

ZARRMARR the Magician (Octopode Conjurer)           Turns: 6121, Time: 00:15:50

Health: -1/41      AC:  1    Str:  6    XL:     7   Next: 80%
Magic:  3/15       EV: 13    Int: 22    God:
Gold:   145        SH:  5    Dex: 17    Spells: 14/17 levels left

rFire    . . .     SeeInvis .   (no weapon)
rCold    . . .     Faith    .   g - +0 buckler
rNeg     . . .     Spirit   .   (helmet restricted)
rPois    .         Reflect  .   c - amulet of regeneration
rElec    .         Harm     .   k - +6 ring of dexterity
rCorr    .         Rampage  .   (no ring)
Will     .....                  (no ring)
Stlth    +++.......             (no ring)
HPRegen  1.13/turn              (no ring)
MPRegen  0.14/turn              (no ring)
                                (no ring)
                                (no ring)

@: lethally poisoned (-1 -> -3)
A: almost no armour, amphibious, 8 rings, camouflage 1, gelatinous body 1,
(nimble swimmer 1), tentacles
a: no special abilities


You were on level 5 of the Dungeon.
You visited 2 branches of the dungeon, and saw 6 of its levels.

You collected 145 gold pieces.

Inventory:

Armour
 g - a +0 buckler (worn)
Jewellery
 c - an amulet of regeneration (around mantle)
 k - a +6 ring of dexterity (left tentacle)
Wands
 j - a wand of flame (14)
Scrolls
 a - a scroll of teleportation
 h - a scroll of fog
 l - a scroll of vulnerability
 n - 2 scrolls of enchant weapon
 o - a scroll of magic mapping
 r - a scroll of blinking {unknown}
Potions
 b - a potion of resistance {unknown}
 d - 2 potions of heal wounds {unknown}
 e - a potion of attraction {unknown}
 f - 2 potions of haste {unknown}
 i - a potion of magic {unknown}
 m - 3 potions of curing
 p - a potion of flight {unknown}
 q - a potion of invisibility {unknown}


   Skills:
 - Level 2.0 Dodging
 - Level 2.6 Stealth
 - Level 4.0 Shields
 + Level 5.7 Spellcasting
 + Level 5.7 Conjurations


You had 14 spell levels left.
You knew the following spells:

 Your Spells              Type           Power      Damage    Failure   Level
a - Magic Dart            Conj           100%       1d8       1%          1
b - Searing Ray           Conj           62%        3d5       1%          2

Your spell library contained the following spells:

 Spells                   Type           Power      Damage    Failure   Level
 Dazzling Flash           Conj/Hex       36%        N/A       9%          3
 Corona                   Hex            6%         N/A       10%         1
 Ensorcelled Hibernation  Hex/Ice        12%        N/A       14%         2
 Sublimation of Blood     Necr           3%         N/A       14%         2
 Wereblood                Tmut           6%         N/A       14%         2
 Frozen Ramparts          Ice            12%        1d3       28%         3
 Tukima's Dance           Hex            6%         N/A       28%         3
 Fulminant Prism          Conj/Hex       9%         3d7       28%         4
 Iskenderun's Mystic Bla  Conj/Tloc      18%        2d6       28%         4
 Ice Form                 Ice/Tmut       6%         N/A       67%         4
 Summon Ice Beast         Ice/Summ       6%         N/A       67%         4
 Summon Hydra             Summ           3%         N/A       100%        7


Dungeon Overview and Level Annotations

Branches:
Dungeon (5/15)             Temple (1/1) D:4

Altars:
Ashenzari
Cheibriados
Dithmenos
Elyvilon
Fedhas
Gozag
Hepliaklqana
Kikubaaqudgha
Makhleb
Nemelex Xobeh
Okawaru
Qazlal
Ru
Trog
Uskayaw
Vehumet
Wu Jian
Xom
Yredelemnul
Zin
The Shining One

Shops:
D:3 :


Innate Abilities, Weirdness & Mutations

You cannot wear most types of armour.
You are amphibious.
You can wear up to eight rings at the same time.
Your skin changes colour to match your surroundings (Stealth+).
Your rubbery body absorbs attacks. (AC +1, EV +1)
((You are camouflaged near water. (Stealth+)))
You have tentacles for arms and can constrict up to eight enemies at once.


Message History

Confirm with . or Enter, or press ? or * to list all spells.
Restarting spell: Searing Ray (safe; 1% risk of failure)
Press: ? - help, Shift-Dir - straight line, f - killer bee
Aim: a killer bee (58% to hit)
The searing ray hits the killer bee.
The killer bee is heavily wounded. (Press . to maintain the ray.)
The killer bee buzzes angrily.
The killer bee barely misses you. The killer bee closely misses you.
Casting: Searing Ray (safe; 1% risk of failure)
Confirm with . or Enter, or press ? or * to list all spells.
Okay, then.
Unknown command.
The searing ray hits the killer bee.
The killer bee is severely wounded.
The killer bee closely misses you. The killer bee stings you!
The searing ray hits the killer bee!
You kill the killer bee!
The searing ray hits the killer bee!
The killer bee is heavily wounded.
The killer bee closely misses you. The killer bee stings you. x2
The searing ray misses the killer bee.
You finish channeling your searing ray.
The killer bee closely misses you. x2; The killer bee barely misses you.
The killer bee misses you. The killer bee stings you.
Unknown command.
Casting: Searing Ray (safe; 1% risk of failure)
Confirm with . or Enter, or press ? or * to list all spells.
Aiming: Searing Ray (safe; 1% risk of failure)
Press: ? - help, Shift-Dir - straight line, f - killer bee
Aim: a killer bee (58% to hit)
The searing ray hits the killer bee!
The killer bee is heavily wounded. (Press . to maintain the ray.)
The killer bee stings you but does no damage.
The killer bee stings you.
You are poisoned.
The killer bee poisons you! The killer bee stings you! x3
* * * LOW HITPOINT WARNING * * *
The killer bee stings you.
You die...

#.......
....#############.......
....>...................
........................
........................
........................
........................
......yy................
......y@.......########.
....#####......# #. .
#......# #. ######
#......# #. #....#
#......# #. #....#
#......# #. #....#
#......# #. #....#
...#......# #.
#...<##...#......# #.


You could see 3 killer bees.

Vanquished Creatures
  A necrophage (D:5)
  A phantom (D:4)
  A scorpion (D:5)
  2 killer bees (D:5)
  Crazy Yiuf (D:2)
  A hound (D:5)
  An orc priest (D:3)
  A centaur skeleton (D:5)
  An orc wizard (D:3)
  Natasha (thrice) (D:2)
  A hound skeleton (D:5)
  A howler monkey zombie (D:5)
  6 adders
  6 gnolls
  A dart slug (D:1)
  5 orcs
  10 bats
  10 endoplasms
  2 giant cockroaches (D:2)
  7 goblins
  8 hobgoblins
  5 jackals (D:1)
  9 quokkas
  10 ball pythons
  3 frilled lizards
  8 kobolds
  4 rats
109 creatures vanquished.

Notes
Turn   | Place    | Note
-------+----------+-------------------------------------------
     0 | D:1      | ZARRMARR the Octopode Conjurer began the quest for the Orb.
     0 | D:1      | Reached XP level 1. HP: 11/11 MP: 3/3
   278 | D:1      | Reached XP level 2. HP: 6/17 MP: 0/5
   931 | D:1      | Reached XP level 3. HP: 20/21 MP: 0/6
  1114 | D:1      | Found a faded altar of an unknown god.
  1737 | D:2      | Reached XP level 4. HP: 27/27 MP: 4/8
  1769 | D:2      | Reached skill level 1 in Shields
  2163 | D:2      | Found a runed translucent door.
  2164 | D:2      | Noticed Crazy Yiuf
  2255 | D:2      | Noticed Natasha
  2260 | D:2      | Killed Natasha
  2266 | D:2      | Reached XP level 5. HP: 24/31 MP: 1/10
  2839 | D:2      | Noticed Natasha
  2890 | D:2      | Learned a level 2 spell: Searing Ray
  2897 | D:2      | Killed Crazy Yiuf
  3218 | D:2      | Killed Natasha
  3403 | D:2      | Noticed Natasha
  3407 | D:2      | Killed Natasha
  3904 | D:3      | Found Wiuttilo's Book Shoppe.
  4016 | D:3      | Reached XP level 6. HP: 22/36 MP: 7/12
  5242 | D:4      | Reached XP level 7. HP: 41/41 MP: 6/14
  5244 | D:4      | Reached skill level 5 in Spellcasting
  5384 | D:4      | Found a staircase to the Ecumenical Temple.
  5394 | Temple   | Entered the Ecumenical Temple
  5709 | D:5      | Entered Level 5 of the Dungeon
  5734 | D:5      | Reached skill level 5 in Conjurations
  6121 | D:5      | Slain by a killer bee

Illustrated notes

Levels and vault maps discovered:
D:1:      lemuel_arrival_behind_the_door_small, layout_rooms,
          dreamdust_ecumenical_altar_statues
D:2:      minmay_thinvault, layout_basic, uniq_crazy_yiuf_cottage, uniq_natasha
D:3:      layout_basic, serial_shops, shop
D:4:      layout_rooms, minmay_temple_entry_poolview, minmay_misc_feat_roman
D:5:      layout_gridville
Temple:   roderic_octagonal_lattice_temple

Skill      XL: |  1  2  3  4  5  6  7 |
---------------+----------------------+-----
Spellcasting   | 3 4 5 |  5.7
Shields        | 2 3 4 |  4.0
Conjurations   | 5 |  5.7
Dodging        | |  2.0
Stealth        | |  2.6

Action                   |  1- 3 |  4- 6 |  7- 9 || total
-------------------------+-------+-------+-------++-------
Melee: Unarmed           |    14 |     2 |       ||    16
       Constrict         |     6 |     1 |       ||     7
       Tentacles         |     4 |       |       ||     4
 Cast: Magic Dart        |    78 |    88 |    13 ||   179
       Searing Ray       |       |    26 |    15 ||    41
  Use: Scroll            |     2 |     5 |       ||     7
Armor: Skin              |     3 |       |     1 ||     4
Dodge: Dodged            |    18 |     9 |     9 ||    36
Block: Buckler           |       |     1 |       ||     1
